 Dungeon Crawl Stone Soup version 0.21.0-3-g78d12a8 (webtiles) character file.

536 Monsterracer the Ruffian (level 7, -1/68 HPs)
             Began as a Troll Chaos Knight on Jan 13, 2018.
             Slain by an ogre
             ... wielding a +0 giant club
              (14 damage)
             ... while paralysed by Grinder
             ... on level 5 of the Dungeon.
             The game lasted 00:03:32 (3273 turns).

Monsterracer the Ruffian (Troll Chaos Knight)       Turns: 3273, Time: 00:03:33

Health: -1/68      AC:  7    Str: 23    XL:     7   Next: 4%
Magic:  6/6        EV:  1    Int:  8    God:    Xom [....*.]
Gold:   258        SH:  0    Dex: 11    Spells: 6/6 levels left

rFire    . . .     SeeInvis .     - Unarmed
rCold    . . .     Gourm    +   (no shield)
rNeg     . . .     Faith    .   a - +2 robe
rPois    .         Spirit   .   (helmet restricted)
rElec    .         Reflect  .   (no cloak)
rCorr    .         Harm     .   (gloves unavailable)
MR       .....                  (boots unavailable)
Stlth    +.........             (no amulet)
HPRegen  0.61/turn              g - +1 ring of slaying
MPRegen  0.10/turn              h - +2 ring of dexterity

@: paralysed, very slightly contaminated, invisible
A: large, unfitting armour, claws 3, fast metabolism 3, gourmand, regeneration
1, shaggy fur 1, tough skin 2
a: Renounce Religion


You were on level 5 of the Dungeon.
You worshipped Xom.
You were a beloved toy of Xom.
You were completely stuffed.

You visited 1 branch of the dungeon, and saw 5 of its levels.

You collected 258 gold pieces.

Inventory:

Armour
 a - a +2 robe (worn)
Jewellery
 f - a +3 ring of intelligence {unknown}
 g - a +1 ring of slaying (left claw)
 h - a +2 ring of dexterity (right claw)
Wands
 k - a wand of paralysis (4)
Scrolls
 c - 4 scrolls of teleportation
 d - 2 scrolls of fog
 i - a scroll of magic mapping {!r}
Potions
 e - 2 potions of might
 l - a potion of mutation {!q}
 m - 5 potions of curing
 n - a potion of haste {unknown}
Comestibles
 b - 11 rations
 j - 3 chunks of flesh


   Skills:
 + Level 3.9 Fighting
 + Level 3.5 Dodging
 * Level 6.1 Unarmed Combat


You had 6 spell levels left.
You didn't know any spells.

Dungeon Overview and Level Annotations

Branches:
Dungeon (5/15)             Temple (0/1) D:4

Altars:
Ashenzari
Nemelex Xobeh
Xom
Yredelemnul

Annotations:
D:5 Blork the orc, Grinder


Innate Abilities, Weirdness & Mutations

You are too large for most types of armour.
You have claws for hands.
Your metabolism is lightning-fast.
You like to eat raw meat.
Your natural rate of healing is unusually fast.
You are covered in fur. (AC +1)
You have very tough skin. (AC +2)


Message History

You closely miss something. Something hits you but does no damage.
You mangle something!!
Reactivating autopickup.
Your Unarmed Combat skill increases to level 6!
You have reached level 7!
You feel a bit more experienced.
You regained 2 hp, and now have 24/68 hp.
MP restored: 6
Things that are here:
a dagger; a robe; an orc corpse You butcher the orc corpse.
j - 4 chunks of flesh
Things that are here:
a dagger; a robe Eating one of 4 chunks of flesh.
You eat one of the 4 chunks of flesh.
This raw flesh tastes great.
A zombie and a skeleton come into view.
Health restored: 68 An adder comes into view.
You see here 23 bolts.
The adder zombie bites you but does no damage.
You mangle the leopard gecko skeleton!!
You destroy the leopard gecko skeleton!
The adder zombie bites you but does no damage.
You claw the adder!
You kill the adder!
The adder zombie bites you but does no damage.
You claw the adder zombie!
The adder zombie is almost destroyed.
The adder zombie bites you.
You take 1 damage, and have 67/68 hp.
You scratch the adder zombie.
You destroy the adder zombie!
Health restored: 68 No target in view!
Found 17 arrows.
No target in view!
No target in view!
k - a wand of paralysis (4) No target in view!
A worm comes into view.
A worm is nearby!
A worm is nearby!
Found a chain mail.
You scratch the worm. You claw the worm!
The worm is heavily wounded.
You claw the worm!
You kill the worm!
No target in view!
No target in view!
Found a scale mail.
b - 11 rations (gained 1)
You see here a worm corpse.
No target in view!
Grinder comes into view.
Grinder shouts!
Grinder gestures at you.
You suddenly lose the ability to move!
Found a bubbling puce potion.
You can move again.
An ogre comes into view. It is wielding a giant club.
Unknown command.
The ogre shouts!
You closely miss Grinder.
Grinder blinks!
Blork the orc comes into view.
He is wielding a short sword.
Grinder hits you but does no damage.
You claw Grinder!
Grinder is heavily wounded.
Xom grants you a minor favour.
You fade into invisibility!
Grinder gestures at you. You resist with significant effort.
You are very lightly contaminated with residual magic.
You barely miss Grinder.
Grinder is heavily wounded.
Grinder misses you.
You scratch Grinder.
Grinder is heavily wounded.
Grinder hits you.
You writhe in agony.
You take 5 damage, and have 63/68 hp.
You scratch Grinder but do no damage.
Grinder is heavily wounded.
Grinder gestures at you.
You suddenly lose the ability to move!
The ogre hits you with a giant club. Grinder hits you.
You writhe in agony.
The ogre hits you with a giant club! Grinder gestures at you.
Pain shoots through your body!
* * * LOW HITPOINT WARNING * * *
Xom's power almost touches on you for a moment.
Your 11 rations briefly glow.
You are now a beloved toy of Xom.
The ogre hits you with a giant club!
* * * LOW HITPOINT WARNING * * *
Grinder hits you!
* * * LOW HITPOINT WARNING * * *
You writhe in agony.
* * * LOW HITPOINT WARNING * * *
The ogre hits you with a giant club!
You die...
Xom chuckles heartily!

.# ....... .# .......
.#################.......
.....................[..
.....................###.
..(.............†.......o
##...................###
#......................!
#..............@.$..####
#..............5O...#
#...................#
#..............(....#
#...................#
.....................#
...................#
..............


You could see Grinder and an ogre.

Vanquished Creatures
  Sigmund (D:3)
  A sky beast (D:5)
  A jelly (D:5)
  An orc priest (D:5)
  A centaur skeleton (D:4)
  An iguana (D:5)
  An orc wizard (D:5)
  5 adders
  An ooze (D:2)
  An adder zombie (D:5)
  3 worms
  A dart slug (D:4)
  2 leopard geckos
  13 orcs
  4 giant cockroaches
  6 goblins
  7 hobgoblins
  6 jackals
  2 quokkas
  3 bats
  5 frilled lizards
  7 kobolds
  A leopard gecko skeleton (D:5)
  11 rats
85 creatures vanquished.

Notes
Turn   | Place    | Note
-------+----------+-------------------------------------------
     0 | D:1      | Monsterracer the Troll Chaos Knight began the quest for the Orb.
     0 | D:1      | Reached XP level 1. HP: 22/22 MP: 0/0
   247 | D:1      | Reached XP level 2. HP: 29/29 MP: 1/1
   487 | D:1      | XOM: silly message
   618 | D:2      | Found a shimmering altar of Xom.
   841 | D:2      | Reached XP level 3. HP: 36/36 MP: 2/2
  1034 | D:2      | HP: 18/36 [kobold/stone (2)]
  1040 | D:2      | HP: 18/36 [poisoned by an adder]
  1071 | D:2      | XOM: divination: detect creatures
  1075 | D:2      | XOM: harmless Chrm miscast
  1395 | D:2      | XOM: harmless Pois miscast
  1398 | D:2      | XOM: silly message
  1532 | D:3      | Noticed Sigmund
  1539 | D:3      | XOM: divination: detect creatures
  1543 | D:3      | HP: 8/36 [Sigmund/scythe (13)]
  1545 | D:3      | Killed Sigmund
  1545 | D:3      | Reached skill level 4 in Unarmed Combat
  1545 | D:3      | Reached XP level 4. HP: 5/45 MP: 3/3
  1545 | D:3      | Reached XP level 5. HP: 6/53 MP: 4/4
  1566 | D:3      | Reached skill level 5 in Unarmed Combat
  1588 | D:3      | HP: 24/53 [orc/flail (6)]
  1698 | D:3      | XOM: harmless Air miscast
  2320 | D:4      | Reached XP level 6. HP: 61/61 MP: 5/5
  2533 | D:4      | Found a sparkling altar of Nemelex Xobeh.
  2533 | D:4      | Found a shattered altar of Ashenzari.
  2543 | D:4      | Found a basalt altar of Yredelemnul.
  2767 | D:4      | Found a staircase to the Ecumenical Temple.
  3047 | D:5      | Entered Level 5 of the Dungeon
  3128 | D:5      | Noticed a sky beast
  3133 | D:5      | Killed a sky beast
  3148 | D:5      | HP: 31/62 [something (2)]
  3155 | D:5      | Reached skill level 6 in Unarmed Combat
  3155 | D:5      | Reached XP level 7. HP: 24/68 MP: 6/6
  3256 | D:5      | Noticed Grinder
  3256 | D:5      | Paralysed by Grinder for 6 turns
  3264 | D:5      | Noticed Blork the orc
  3266 | D:5      | XOM: potion effect (invisibility)
  3269 | D:5      | Paralysed by Grinder for 7 turns
  3271 | D:5      | HP: 30/68 [Grinder/nerve-wracking pain (10)]
  3272 | D:5      | XOM: silly message
  3272 | D:5      | HP: 14/68 [Grinder (7)]
  3273 | D:5      | Slain by an ogre

Skill      XL: |  1  2  3  4  5  6 |
---------------+-------------------+-----
Dodging        | 2 3 |  3.5
Fighting       | 3 |  3.9
Unarmed Combat | 4 5 6 |  6.1

Action                   |  1- 3 |  4- 6 |  7- 9 || total
-------------------------+-------+-------+-------++-------
Melee: Unarmed           |   102 |   100 |    11 ||   213
       Punch             |     1 |     2 |     1 ||     4
  Use: Scroll            |     7 |     4 |       ||    11
  Eat: Chunk             |    18 |    16 |     1 ||    35
Armor: Robe              |    38 |    30 |     4 ||    72
Dodge: Dodged            |    44 |    41 |     1 ||    86

Vault maps used:
D:1:      saegor_arrival_simple_f, kennysheep_doodads,
          minmay_misc_feat_nine_boxes
D:2:      lemuel_crystal_altar
D:3:      first_ration, uniq_sigmund
D:4:      yredelemnul_altar_generic, gammafunk_temple_overflow_wave,
          minmay_temple_entry_large_hall
D:5:      kennysheep_okawaru_gauntlet, serial_shops, shop, grunt_ministairs_12,
          uniq_blork_the_orc, uniq_crazy_yiuf_cottage, uniq_grinder
